Map: Catalyst LE

Players

IIIIIIIIIIII

  • Race: Zerg Zerg
  • League: Diamond
  • Spawn Location: 11:00

Capric - Winner!

  • Race: Zerg Zerg
  • League: Diamond
  • Spawn Location: 5:00

VOD

Have the link to the VOD?

Description

Time

  • Played on: Feb. 13, 2018, 3:43 p.m.
  • Length: 9:52
Show
View Real Time Build Order
Export as new Build Order

IIIIIIIIIIII Zerg 

Build Orders: Hatch First 

Get SALT Encoding   

  12  0:00  Drone  
  13  0:13  Overlord  
  13  0:18  Drone  
  14  0:31  Drone x2  
  14  0:35  Drone  
  17  0:53  Hatchery  
  17  0:56  Drone  
  17  1:00  Drone  
  17  1:04  Extractor  
  17  1:19  Spawning Pool  
  17  1:20  Drone  
  17  1:23  Drone  
  18  1:29  Drone  
  19  1:40  Overlord  
  19  1:56  Drone  
  19  2:00  Drone  
  21  2:06  Queen  
  21  2:07  Queen  
  25  2:09  Drone  
  25  2:12  Evolution Chamber  
  25  2:13  Zergling x2  
  26  2:19  Metabolic Boost  
  26  2:23  Zergling x2  
  26  2:26  Zergling x2  
  28  2:35  Drone x2  
  30  2:45  Roach Warren  
  30  2:47  Drone x2  
  30  2:48  Extractor  
  30  2:56  Drone x2  
  32  2:59  Overlord  
  32  3:06  Drone  
  32  3:11  Zerg Missile Weapons Level 1  
  34  3:12  Drone  
  34  3:16  Drone  
  34  3:17  Drone  
  37  3:20  Drone  
  37  3:22  Drone  
  38  3:28  Overlord  
  38  3:36  Roach  
  38  3:37  Roach  
  38  3:38  Roach  
  44  3:46  Overlord  
  44  3:48  Roach  
  46  3:49  Roach  
  46  3:52  Roach  
  46  3:55  Roach  
  52  4:01  Overlord  
  52  4:08  Roach  
  52  4:09  Roach x2  
  58  4:17  Lair  
  58  4:21  Roach x2  
  59  4:27  Roach  
  59  4:28  Roach  
  59  4:31  Roach  
  65  4:34  Roach  
  67  4:43  Overlord  
  67  4:54  Overlord x2  
  67  5:09  Drone x4  
  67  5:10  Drone  
  72  5:14  Hatchery, Glial Reconstitution  
  72  5:17  Drone  
  72  5:18  Drone  
  73  5:28  Drone x5  
  78  5:32  Extractor  
  78  5:33  Extractor, Drone  
  78  5:34  Drone  
  78  5:40  Zerg Missile Weapons Level 2  
  78  6:03  Roach x7  
  76  6:17  Drone x4  
  70  6:20  Roach x2  
  70  6:24  Roach x3  
  76  6:26  Roach x3  
  76  6:30  Queen  
  84  6:35  Roach  
  84  6:36  Roach  
  88  6:44  Roach x4  
  96  6:49  Roach  
  98  7:06  Roach x2  
  94  7:12  Roach x4  
  92  7:29  Overlord x3  
  92  7:41  Roach x4  
  92  7:42  Overlord x2  
  98  7:50  Drone  
  98  7:51  Drone x5  
  104  7:52  Queen  
  106  8:00  Ravager  
  106  8:01  Ravager  
  108  8:06  Ravager x2  
  110  8:16  Roach x10  
  126  8:34  Roach x3  
  126  8:35  Roach x4  
  126  8:39  Queen  
  126  8:40  Drone  
  126  8:41  Drone x4  
  137  8:42  Overseer  
  137  8:44  Pneumatized Carapace  
  137  8:49  Ravager  
  137  8:55  Overlord x4  
  138  9:30  Roach x9  
Show
View Real Time Build Order
Export as new Build Order

Capric Zerg - Winner!

Build Orders: Hatch First 

Get SALT Encoding   

  12  0:01  Drone  
  13  0:12  Overlord  
  13  0:22  Drone  
  14  0:32  Drone x2  
  16  0:39  Drone  
  17  0:54  Hatchery  
  17  0:56  Drone  
  17  0:59  Drone  
  18  1:10  Extractor  
  17  1:14  Spawning Pool  
  17  1:16  Drone  
  17  1:20  Drone  
  18  1:28  Drone  
  19  1:38  Overlord  
  19  1:55  Evolution Chamber, Drone  
  19  2:00  Queen  
  21  2:02  Zergling x2  
  21  2:05  Queen  
  21  2:06  Zergling x2  
  25  2:11  Drone  
  26  2:17  Drone  
  27  2:24  Zerg Missile Weapons Level 1  
  27  2:26  Drone  
  28  2:36  Baneling Nest  
  27  2:39  Roach Warren  
  27  2:46  Drone  
  27  2:49  Drone x3  
  31  2:55  Overlord  
  31  3:00  Overlord  
  31  3:07  Overlord  
  31  3:21  Roach x4  
  31  3:25  Roach  
  41  3:28  Roach  
  41  3:31  Roach  
  45  3:35  Roach  
  47  3:56  Drone x4  
  47  3:57  Drone x3  
  54  4:04  Roach  
  54  4:09  Roach  
  58  4:18  Roach  
  58  4:20  Overlord x2  
  60  4:41  Lair  
  60  4:45  Drone x6  
  65  4:46  Hatchery, Drone x2  
  66  5:02  Roach x2  
  70  5:17  Extractor x2  
  70  5:20  Roach x2  
  70  5:21  Drone x3  
  74  5:26  Overlord x2  
  75  5:35  Overlord x2  
  75  5:44  Roach x3  
  75  5:45  Roach  
  75  5:49  Roach  
  85  5:51  Roach  
  85  5:54  Roach  
  85  5:55  Zergling x2  
  90  6:04  Ravager  
  86  6:07  Roach x3  
  84  6:13  Roach x2  
  88  6:26  Glial Reconstitution  
  88  6:30  Extractor, Drone x3  
  88  6:31  Drone  
  88  6:32  Drone x2  
  93  6:35  Queen x3  
  99  6:44  Zerg Missile Weapons Level 2  
  97  6:57  Ravager  
  96  7:06  Roach  
  96  7:07  Roach x7  
  83  7:32  Roach x4  
  83  7:33  Roach x7  
  83  7:34  Roach  
  103  7:48  Burrow  
  103  7:54  Roach x5  
  103  7:55  Overlord x5  
  113  8:04  Overseer  
  113  8:07  Overseer  
  113  8:12  Drone  
  114  8:16  Roach x4  
  114  8:17  Drone  
  114  8:18  Drone x4  
  121  8:35  Roach x6  
  121  8:36  Roach x2  
  127  8:53  Ravager  
  128  8:56  Drone x3  
  128  8:57  Drone x7  
  128  9:01  Extractor x2  
  136  9:06  Roach x24  
  136  9:10  Drone x3  
  136  9:12  Roach x2  
  136  9:15  Ravager  
Tags
 
Add a new tag
Caveats
  • Supply blocks, unpowered buildings, or Contaminate may cause inaccurate times.
  • Supply counts are checked every 10 seconds.